 Dungeon Crawl Stone Soup version 0.22.1-1-ga44c0e5 (webtiles) character file.

20 Folque the Magician (level 2, 0/18 HPs)
             Began as an Octopode Wizard on Oct 10, 2018.
             Slain by a jackal (2 damage)
             ... on level 1 of the Dungeon.
             The game lasted 00:01:19 (355 turns).

Folque the Magician (Octopode Wizard)                Turns: 355, Time: 00:01:20

Health: 0/18       AC:  1    Str:  6    XL:     2   Next: 79%
Magic:  5/6        EV: 13    Int: 20    God:
Gold:   0          SH:  0    Dex: 10    Spells: 2/7 levels left

rFire    . . .     SeeInvis .   i - -1 halberd (curse)
rCold    . . .     Gourm    .   (shield currently unavailable)
rNeg     . . .     Faith    .   a - +0 hat
rPois    .         Spirit   .   (no amulet)
rElec    .         Reflect  .   (no ring)
rCorr    .         Harm     .   (no ring)
MR       .....                  (no ring)
Stlth    +++.......             (no ring)
HPRegen  0.06/turn              (no ring)
MPRegen  0.10/turn              (no ring)
                                (no ring)
                                (no ring)

@: no status effects
A: almost no armour, stealthy swim, amphibious, 8 rings, constrict 8, camouflage
1, gelatinous body 1
a: no special abilities


You were on level 1 of the Dungeon.
You were not hungry.

You visited 1 branch of the dungeon, and saw 1 of its levels.

Inventory:

Hand Weapons
 h - a +0 dagger
 i - a cursed -1 halberd (weapon)
Armour
 a - a +0 hat (worn)
Jewellery
 e - an uncursed amulet of faith {unknown}
Scrolls
 b - a scroll of magic mapping {unknown}
 d - 2 scrolls of identify {unknown}
 g - 2 scrolls of remove curse {unknown}
Potions
 j - 2 potions of flight {unknown}
Comestibles
 c - a ration
 f - 5 chunks of flesh


   Skills:
 * Level 1.5 Fighting
 - Level 2.0 Dodging
 - Level 2.6 Stealth
 + Level 3.2 Spellcasting
 + Level 1.5 Conjurations
 - Level 1.0 Summonings
 - Level 1.0 Translocations


You had 2 spell levels left.
You knew the following spells:

 Your Spells              Type           Power        Failure   Level  Hunger
a - Magic Dart            Conj           #...         8%          1    None
b - Call Imp              Summ           #.......     14%         2    ##.....
c - Blink                 Tloc           N/A          14%         2    ##.....

Your spell library contained the following spells:

 Spells                   Type           Power        Failure   Level  Hunger
 Slow                     Hex            #.......     22%         2    ##.....
 Conjure Flame            Conj/Fire      #.......     30%         3    ###....
 Mephitic Cloud           Conj/Pois/Air  #.......     34%         3    ###....


Dungeon Overview and Level Annotations

Branches:
Dungeon (1/15)

Altars:


Innate Abilities, Weirdness & Mutations

You cannot wear most types of armour.
You are very stealthy in the water. (Stealth+)
You are amphibious.
You can wear up to eight rings at the same time.
You can use your tentacles to constrict eight enemies at once.
Your skin changes colour to match your surroundings (Stealth+).
Your rubbery body absorbs attacks. (AC +1, EV +1)


Message History

The jackal closely misses you.
You barely miss the jackal. You grab the jackal.
The jackal is heavily wounded.
You constrict the hobgoblin, but do no damage.
You constrict the jackal, but do no damage.
The jackal barely misses you. The jackal closely misses you.
The jackal misses you. The jackal barely misses you. The hobgoblin hits you.
The jackal misses you. The jackal bites you. The jackal misses you. x2
Your crimson imp hits the hobgoblin.
The hobgoblin dies!
The jackal bites you.
You release your grip on the jackal.
The jackal bites you. The jackal misses you. The jackal bites you.
* * * LOW HITPOINT WARNING * * *
The jackal bites you.
* * * LOW HITPOINT WARNING * * *
You see here a leopard gecko skeleton.
The jackal bites you but does no damage.
The jackal bites you.
You die...

#.# ####.. ..... #
....#. #...# #
#####...## .#
..$......###..#..#
.....?†hhh@.......
......#5.h#####..#
###........$......
#..###..########
#..###..####...
#..............
#.#####.####.##
#..# ##.# #.#


You could see 4 jackals and a friendly crimson imp.

Vanquished Creatures
  A dart slug (D:1)
  A leopard gecko (D:1)
  2 goblins (D:1)
  3 bats (D:1)
  A frilled lizard (D:1)
  A rat (D:1)
9 creatures vanquished.

Vanquished Creatures (collateral kills)
  A gnoll (D:1)
  A hobgoblin (D:1)
2 creatures vanquished.

Grand Total: 11 creatures vanquished

Notes
Turn   | Place    | Note
-------+----------+-------------------------------------------
     0 | D:1      | Folque the Octopode Wizard began the quest for the Orb.
     0 | D:1      | Reached XP level 1. HP: 11/11 MP: 4/4
   156 | D:1      | Reached skill level 1 in Fighting
   156 | D:1      | Reached XP level 2. HP: 11/18 MP: 6/6
   162 | D:1      | Learned a level 2 spell: Call Imp
   165 | D:1      | Learned a level 2 spell: Blink
   355 | D:1      | Slain by a jackal

Skill      XL: |  1 |
---------------+----+-----
Fighting       | 1 |  1.5
Dodging        | |  2.0
Stealth        | |  2.6
Spellcasting   | |  3.2
Conjurations   | |  1.5
Summonings     | |  1.0
Translocations | |  1.0

Action                   || total
-------------------------++-------
Melee: Unarmed           ||    15
       Constrict         ||    10
       Dagger            ||     6
       Tentacles         ||     1
       Halberd           ||    13
 Cast: Call Imp          ||     3
 Stab: Sleeping          ||     6
Armor: Skin              ||     6
Dodge: Dodged            ||    33
